 Dungeon Crawl Stone Soup version 0.25-a0-1119-g28b6fd0c3b (webtiles) character file.

Game seed: 11971211616132470176, levelgen mode: deterministic

49 Esekla the Magician (level 3, 0/21 HPs)
             Began as an Octopode Wizard on May 18, 2020.
             Slain by a worker ant (2 damage)
             ... on level 4 of the Dungeon.
             The game lasted 00:14:35 (1839 turns).

Esekla the Magician (Octopode Wizard)               Turns: 1839, Time: 00:14:35

Health: 0/21       AC:  1    Str:  7    XL:     3   Next: 77%
Magic:  5/8        EV: 13    Int: 20    God:
Gold:   104        SH:  0    Dex: 10    Spells: 3/9 levels left

rFire    . . .     SeeInvis .   b - +0 dagger
rCold    . . .     Gourm    .   (no shield)
rNeg     . . .     Faith    .   a - +0 hat
rPois    .         Spirit   .   (no amulet)
rElec    .         Reflect  .   (no ring)
rCorr    .         Harm     .   (no ring)
MR       .....                  (no ring)
Stlth    +++.......             (no ring)
HPRegen  0.07/turn              (no ring)
MPRegen  0.11/turn              (no ring)
                                (no ring)
                                (no ring)

@: lethally poisoned (0 -> -5)
A: almost no armour, stealthy swim, amphibious, 8 rings, constrict 8, camouflage
1, gelatinous body 1
a: no special abilities


You were on level 4 of the Dungeon.
You were hungry.

You visited 1 branch of the dungeon, and saw 4 of its levels.

You collected 104 gold pieces.

Inventory:

Hand Weapons
 b - a +0 dagger (weapon)
Missiles
 i - 12 poisoned darts (quivered)
Armour
 a - a +0 hat (worn)
Wands
 h - a wand of digging (7)
Scrolls
 d - a scroll of fear {unknown}
 e - 4 scrolls of identify {unknown}
 f - 2 scrolls of remove curse {unknown}
 g - 2 scrolls of enchant weapon {unknown}
 l - a scroll of random uselessness {unknown}
 m - a scroll of amnesia {unknown}
Potions
 j - a potion of flight {unknown}
 k - a potion of stabbing {unknown}
Comestibles
 c - 8 rations


   Skills:
 + Level 0.7 Short Blades
 + Level 2.1 Dodging
 - Level 2.7 Stealth
 * Level 3.7 Spellcasting
 + Level 1.6 Conjurations
   Level 1.0 Summonings
 * Level 1.2 Translocations
 * Level 0.4 Air Magic
 * Level 0.1 Poison Magic


You had 3 spell levels left.
You knew the following spells:

 Your Spells              Type           Power        Failure   Level  Hunger
a - Magic Dart            Conj           ##..         7%          1    None
b - Blink                 Tloc           N/A          12%         2    ##.....
c - Mephitic Cloud        Conj/Pois/Air  #.......     30%         3    ###....

Your spell library contained the following spells:

 Spells                   Type           Power        Failure   Level  Hunger
 Call Imp                 Summ           #.......     13%         2    ##.....
 Slow                     Hex            #.......     21%         2    ##.....
 Conjure Flame            Conj/Fire      #.......     28%         3    ###....


Dungeon Overview and Level Annotations

Branches:
Dungeon (4/15)
 Temple: D:4-7

Altars:
Uskayaw


Innate Abilities, Weirdness & Mutations

You cannot wear most types of armour.
You are very stealthy in the water. (Stealth+)
You are amphibious.
You can wear up to eight rings at the same time.
You can use your tentacles to constrict eight enemies at once.
Your skin changes colour to match your surroundings (Stealth+).
Your rubbery body absorbs attacks. (AC +1, EV +1)


Message History

* * * LOW HITPOINT WARNING * * *
You are lethally poisoned!
The worker ant poisons you! The worker ant misses you.
You barely miss the worker ant. You squeeze the worker ant!
The worker ant is almost dead.
You constrict the worker ant, but do no damage.
* * * LOW HITPOINT WARNING * * *
You feel sick. The worker ant bites you.
* * * LOW HITPOINT WARNING * * *
Casting: Magic Dart (safe; 7% risk of failure)
Confirm with . or Enter, or press ? or * to list all spells.
Aiming: Magic Dart (safe; 7% risk of failure)
Press: ? - help, Shift-Dir - straight line, f/p - worker ant
Aim: a worker ant (almost dead, constricted by you)
The magic dart hits the worker ant but does no damage.
The worker ant is almost dead.
You constrict the worker ant.
* * * LOW HITPOINT WARNING * * *
You feel sick. The worker ant bites you.
You die...

######## #####
#......> ...#
#.######
#.############.#
#..a@......<...#
#.###.##############
#.....# #.$.....#
..$....##.# #.
###.##. .# #. # ..
.. ##. .## #. .#


You could see a worker ant.

Vanquished Creatures
  An ooze (D:3)
  A worm (D:2)
  A dart slug (D:1)
  4 leopard geckos
  2 giant cockroaches
  4 goblins
  8 hobgoblins
  2 jackals (D:2)
  2 kobolds (D:1)
  2 frilled lizards
  5 rats
32 creatures vanquished.

Vanquished Creatures (others)
  4 toadstools (D:1)
4 creatures vanquished.

Grand Total: 36 creatures vanquished

Notes
Turn   | Place    | Note
-------+----------+-------------------------------------------
     0 | D:1      | Esekla the Octopode Wizard began the quest for the Orb.
     0 | D:1      | Reached XP level 1. HP: 11/11 MP: 4/4
    64 | D:1      | Reached XP level 2. HP: 16/17 MP: 0/6
    69 | D:1      | Learned a level 2 spell: Blink
   851 | D:2      | Reached XP level 3. HP: 21/21 MP: 1/8
   948 | D:2      | Learned a level 3 spell: Mephitic Cloud
  1197 | D:2      | Found a faded altar of an unknown god.
  1264 | D:2      | Became a worshipper of Uskayaw the Reveler
  1264 | D:2      | Reached * piety under Uskayaw
  1281 | D:2      | Reached ** piety under Uskayaw
  1563 | D:3      | Fell from the grace of Uskayaw
  1839 | D:4      | Slain by a worker ant

Illustrated notes

Levels and vault maps discovered:
D:1:      ldierk_walled_garden_2, layout_basic, ebering_dispersal_statue_hall
D:2:      layout_loops_ring, first_ration,
          chequers_ecumenical_altar_simple_redux
D:3:      layout_loops_corners
D:4:      minmay_spotlight, layout_loops_ring,
          minmay_temple_entry_statues_pillars, trog_butcher_becter

Action                   || total
-------------------------++-------
Melee: Dagger            ||    58
       Constrict         ||    16
       Tentacles         ||    13
 Cast: Magic Dart        ||    56
Invok: Renounce Religion ||     1
 Stab: Distracted        ||     1
       Sleeping          ||     1
  Eat: Chunk             ||     2
Armor: Skin              ||     2
Dodge: Dodged            ||    29

Table legend:
 A = Non-vault XP
 B = Vault XP
 C = Vault XP percentage of total XP
 D = Non-vault monster count
 E = Vault monster count
 F = Vault count percentage of total count
                 A         B        C        D         E       F
            +---------+---------+-------+---------+---------+-------
      Total |      71 |       0 |   0.0 |      32 |       0 |   0.0
            +---------+---------+-------+---------+---------+-------
        D:1 |      30 |       0 |   0.0 |      14 |       0 |   0.0
        D:2 |      24 |       0 |   0.0 |      12 |       0 |   0.0
        D:3 |      12 |       0 |   0.0 |       4 |       0 |   0.0
        D:4 |       5 |       0 |   0.0 |       2 |       0 |   0.0
            +---------+---------+-------+---------+---------+-------
